Match 45375084
Unlisted

Match 45375084
End
Construct Barracks
Selects Advanced Infantry Battlegroup
Riflemen Squad
Riflemen Squad
Grenade Package
Riflemen Squad
Construct Medical Station
Construct Weapon Support Center
Selects Artillery Observers
Bazooka Squad
Infantry Support Center
Bazooka Squad
Improved M9 Bazooka Rockets
M3 Armored Personnel Carrier
Selects Convert to Ranger Squad
Selects Frontline Medical Station
Munitions Surplus
Survival Training
Selects Infantry Assault
Infantry Assault
M1918 Browning Automatic Rifles
Selects M2A1 105mm Howitzer Emplacement
Riflemen Squad
Infantry Assault
Riflemen Squad
Demolitions Package
Infantry Assault
Selects Free Fire Drills
Bazooka Squad
Infantry Assault
Infantry Assault
Infantry Assault
Phan
MrBlueSteel
cumsader
Dusty
Tony Horton Pro Skater
daspoulos
0
0

Comments sign in to comment!

No comments posted yet!